 Dungeon Crawl Stone Soup version 0.27-a0-538-g15ff5c5295 (webtiles) character file.

Game seed: 236529231970642016

570 tilp the Insei (level 7, -9/48 HPs)
             Began as an Octopode Transmuter on Mar 6, 2021.
             Mangled by an ogre
             ... wielding a +0 giant club
              (30 damage)
             ... on level 4 of the Dungeon.
             The game lasted 00:07:05 (5992 turns).

tilp the Insei (Octopode Transmuter)                Turns: 5992, Time: 00:07:05

Health: -9/48      AC:  1    Str:  9    XL:     7   Next: 34%
Magic:  10/10      EV: 13    Int: 17    God:
Gold:   137        SH:  5    Dex: 13    Spells: 2/10 levels left

rFire    . . .     SeeInvis .     - Unarmed
rCold    . . .     Faith    .   (no shield)
rNeg     . . .     Spirit   .   (helmet currently unavailable)
rPois    .         Reflect  +   i - amulet of reflection
rElec    .         Harm     .   (no ring)
rCorr    .         Rampage  .   (no ring)
Will     .....                  (no ring)
Stlth    ++++......             (no ring)
HPRegen  0.16/turn              (no ring)
MPRegen  0.12/turn              (no ring)
                                (no ring)
                                (no ring)

@: appendages
A: almost no armour, amphibious, 8 rings, constrict 8, tentacle spike 3,
camouflage 1, gelatinous body 1, nimble swimmer 1
a: End Transformation


You were on level 4 of the Dungeon.
One of your tentacles had a temporary spike.
You visited 1 branch of the dungeon, and saw 4 of its levels.

You collected 137 gold pieces.

Inventory:

Missiles
 b - 97 stones (quivered)
Jewellery
 i - an amulet of reflection (around mantle)
Scrolls
 g - a scroll of fear
 j - 2 scrolls of teleportation {unknown}
 l - a scroll of fog
 o - a scroll of enchant weapon {unknown}
Potions
 a - 2 potions of heal wounds
 c - 2 potions of might
 d - a potion of mutation {unknown}
 e - a potion of lignification {unknown}
 f - a potion of cancellation {unknown}
 h - 3 potions of berserk rage {unknown}
 k - 2 potions of degeneration {unknown}
 n - a potion of curing {unknown}


   Skills:
 - Level 4.0 Fighting
 - Level 2.0 Dodging
 - Level 5.0 Stealth
 - Level 6.0 Unarmed Combat
 + Level 2.0 Spellcasting
 * Level 2.2 Transmutations
 + Level 0.0 Poison Magic


You had 2 spell levels left.
You knew the following spells:

 Your Spells              Type           Power      Damage    Failure   Level
a - Beastly Appendage     Tmut           18%        N/A       8%          1
b - Wereblood             Tmut           9%         N/A       12%         2
c - Spider Form           Tmut/Pois      2%         N/A       36%         3
d - Freeze                Ice            4%         1d3       19%         1
e - Apportation           Tloc           2%         N/A       19%         1

Your spell library contained the following spells:

 Spells                   Type           Power      Damage    Failure   Level
 Animate Skeleton         Necr           2%         N/A       19%         1
 Magic Dart               Conj           4%         1d3       19%         1
 Sandblast                Erth           2%         2d4       19%         1
 Ice Form                 Ice/Tmut       5%         N/A       77%         4
 Blade Hands              Tmut           4%         N/A       91%         5


Dungeon Overview and Level Annotations

Branches:
Dungeon (4/15)
 Temple: D:4-7

Altars:
Ashenzari
Zin


Innate Abilities, Weirdness & Mutations

You cannot wear most types of armour.
You are amphibious.
You can wear up to eight rings at the same time.
You can use your tentacles to constrict eight enemies at once.
Your skin changes colour to match your surroundings (Stealth+).
Your rubbery body absorbs attacks. (AC +1, EV +1)
You are stealthy while swimming. (Stealth+)
One of your tentacles bears a large vicious spike.


Message History

The adder skeleton is heavily damaged.
You constrict the adder skeleton. The adder skeleton barely misses you.
You tentacle-slap the adder skeleton.
The adder skeleton is severely damaged.
You constrict the adder skeleton. The adder skeleton barely misses you.
You bludgeon the adder skeleton!
You destroy the adder skeleton!
No target in view!
An ogre comes into view. It is wielding a +0 giant club.
Casting: Beastly Appendage (safe; 8% risk of failure)
Confirm with . or Enter, or press ? or * to list all spells.
One of your tentacles grows a vicious spike.
You throw a javelin.
The javelin pierces through the ogre but does no damage.
The ogre shouts!
You throw a stone. The stone hits the ogre.
The ogre is lightly wounded.
You throw a stone. The stone hits the ogre.
The ogre is lightly wounded.
You throw a stone.
The stone hits the ogre but does no damage.
The ogre is lightly wounded.
You throw a stone.
The stone hits the ogre but does no damage.
The ogre is lightly wounded.
You tentacle-slap the ogre.
You pierce the ogre.
You squeeze the ogre.
The ogre is heavily wounded.
The ogre hits you with a +0 giant club!!
You tentacle-slap the ogre but do no damage.
You pierce the ogre.
The ogre is severely wounded.
You tentacle-slap the ogre.
You tentacle-slap the ogre, but do no damage.
The ogre is severely wounded.
The ogre hits you with a +0 giant club!
You barely miss the ogre. You squeeze the ogre.
The ogre is almost dead.
The ogre hits you with a +0 giant club!!
Ouch! That really hurt!
You die...

.....#.........
.....#<........
......#[......##
.##...#........###
###............#.### #
..#..##............#.##
....####..............#
.##..###....#.....# #
####........#...@.# ...
###†###.#.......O##....
.........##.....(....#
..........#..........#
.##...##.##....#(#####
..#####...#....#(..
8.......8......#(....
..#####...#....#(#.....
.## ##.##....#.......


You could see an ogre.

Vanquished Creatures
  Sigmund (D:3)
  A hound (D:4)
  A worker ant (D:4)
  Terence (D:3)
  Natasha (thrice) (D:3)
  A gnoll (D:1)
  17 adders
  An ooze (D:4)
  An adder skeleton (D:4)
  A worm (D:2)
  4 dart slugs
  2 leopard geckos (D:2)
  An orc (D:3)
  8 ball pythons (D:2)
  11 bats
  2 giant cockroaches
  6 goblins
  11 hobgoblins
  2 jackals (D:3)
  7 kobolds
  2 quokkas (D:2)
  2 frilled lizards
  6 rats
92 creatures vanquished.

Notes
Turn   | Place    | Note
-------+----------+-------------------------------------------
     0 | D:1      | tilp the Octopode Transmuter began the quest for the Orb.
     0 | D:1      | Reached XP level 1. HP: 13/13 MP: 3/3
    72 | D:1      | Reached skill level 1 in Stealth
   156 | D:1      | Reached XP level 2. HP: 16/18 MP: 5/5
   159 | D:1      | Learned a level 2 spell: Wereblood
  1063 | D:2      | Reached XP level 3. HP: 18/23 MP: 6/6
  1442 | D:2      | Found a broken altar of Ashenzari.
  1456 | D:2      | Reached skill level 5 in Stealth
  1456 | D:2      | Reached XP level 4. HP: 14/28 MP: 5/7
  2642 | D:2      | Reached XP level 5. HP: 22/34 MP: 6/8
  3278 | D:1      | Reached skill level 4 in Unarmed Combat
  3706 | D:3      | Noticed Sigmund
  3727 | D:3      | Killed Sigmund
  3728 | D:3      | Reached XP level 6. HP: 9/43 MP: 7/9
  4175 | D:3      | Noticed Natasha
  4191 | D:3      | Killed Natasha
  4244 | D:3      | Found a glowing silver altar of Zin.
  4298 | D:3      | Noticed Natasha
  4307 | D:3      | Killed Natasha
  4308 | D:3      | Reached skill level 5 in Unarmed Combat
  4315 | D:3      | Noticed Natasha
  4326 | D:3      | Killed Natasha
  4457 | D:3      | Reached XP level 7. HP: 33/48 MP: 8/10
  4721 | D:3      | Noticed Terence
  4736 | D:3      | Killed Terence
  5795 | D:4      | Identified The Arcane Arts for Beginners
  5813 | D:4      | Learned a level 1 spell: Apportation
  5815 | D:4      | Learned a level 1 spell: Freeze
  5862 | D:4      | Reached skill level 6 in Unarmed Combat
  5866 | D:4      | Learned a level 3 spell: Spider Form
  5992 | D:4      | Mangled by an ogre

Illustrated notes

Levels and vault maps discovered:
D:1:      dpeg_arrival_tiny_h, layout_basic
D:2:      layout_basic, evilmike_ruin_ashenzari, minmay_snake_closets
D:3:      layout_basic, zin_treasury, uniq_sigmund, uniq_terence, uniq_natasha
D:4:      layout_cave_pools, minmay_misc_feat_tower

Skill      XL: |  1  2  3  4  5  6  7 |
---------------+----------------------+-----
Stealth        | 2 4 5 |  5.0
Fighting       | 2 3 4 |  4.0
Unarmed Combat | 4 5 6 |  6.0
Dodging        | |  2.0
Spellcasting   | |  2.0
Transmutations | |  2.2

Action                   |  1- 3 |  4- 6 |  7- 9 || total
-------------------------+-------+-------+-------++-------
Melee: Unarmed           |    54 |   131 |    64 ||   249
       Constrict         |    21 |    29 |    15 ||    65
       Kick              |     6 |    17 |    18 ||    41
       Tentacles         |     9 |    19 |    11 ||    39
       Punch             |     1 |     2 |     5 ||     8
Throw: Javelin           |       |     4 |     6 ||    10
       Stone             |       |     3 |     5 ||     8
 Cast: Beastly Appendage |     7 |    19 |    12 ||    38
       Wereblood         |       |     7 |     2 ||     9
  Use: Scroll            |       |     2 |     2 ||     4
 Stab: Sleeping          |     5 |    14 |     2 ||    21
Armor: Skin              |     7 |     7 |     3 ||    17
Dodge: Dodged            |    41 |    73 |    29 ||   143
Block: Other             |       |       |     4 ||     4

Table legend: (Time is in decaauts)
 A = Elapsed time spent in this place.
 B = Non-inter-level travel time spent in this place.
 C = Inter-level travel time spent in this place.
 D = Time resting spent in this place.
 E = Time spent auto-exploring this place.
 F = Levels seen in this place.
 G = Mean time per level.
                   A        B        C        D        E       F      G
               +--------+--------+--------+--------+--------+-----+--------+
         Total |   5990 |   5795 |    195 |   1923 |   3108 |   4 | 1497.5 |
       Dungeon |   5990 |   5795 |    195 |   1923 |   3108 |   4 | 1497.5 |
               +--------+--------+--------+--------+--------+-----+--------+

Top non-repeatable levels by time:
     D:2: 2274 daAuts
     D:1: 1752 daAuts
     D:3: 1458 daAuts
     D:4: 504 daAuts
